Map: Dusk Towers

Players

PixeL

  • Race: Zerg Zerg
  • League: Master

Miszu - Winner!

  • Race: Terran Terran
  • League: Master

VOD

Have the link to the VOD?

Description

Time

  • Played on: Feb. 5, 2016, 5:49 p.m.
  • Length: 9:47
Show
View Real Time Build Order
Export as new Build Order

PixeL Zerg 

Build Orders: Hatch First 

Get SALT Encoding   

  12  0:01  Drone  
  13  0:12  Overlord  
  13  0:17  Drone  
  14  0:31  Drone x2  
  14  0:35  Drone  
  17  0:53  Hatchery  
  17  0:54  Drone  
  17  0:58  Drone  
  18  1:07  Drone  
  19  1:14  Spawning Pool  
  18  1:19  Drone  
  19  1:39  Drone  
  20  1:40  Hatchery  
  20  1:42  Drone  
  20  1:50  Drone  
  21  2:01  Drone  
  21  2:05  Queen  
  21  2:08  Queen  
  24  2:10  Zergling x2  
  24  2:13  Zergling x2  
  28  2:18  Overlord  
  28  2:20  Extractor  
  28  2:22  Drone  
  28  2:36  Drone x2  
  30  2:39  Drone  
  30  2:40  Queen  
  33  2:47  Drone  
  33  2:48  Queen  
  36  2:53  Queen  
  36  2:58  Drone x2  
  40  3:01  Drone  
  40  3:04  Overlord  
  41  3:07  Drone  
  42  3:23  Queen  
  44  3:34  Overlord  
  44  3:36  Metabolic Boost, Drone x3  
  44  3:38  Drone x3  
  44  3:39  Overlord  
  50  3:59  Queen  
  52  4:03  Overlord, Drone x3  
  52  4:06  Drone x8  
  63  4:10  Extractor  
  63  4:15  Lair  
  63  4:16  Drone x3  
  65  4:21  Overlord  
  65  4:23  Drone x2  
  67  4:30  Overlord  
  67  4:31  Overlord  
  67  4:38  Drone x7  
  69  4:40  Overlord  
  69  4:43  Extractor  
  73  4:48  Drone x4  
  77  5:04  Overlord  
  77  5:07  Extractor x2  
  77  5:08  Drone x4  
  77  5:12  Extractor, Zergling x12  
  84  5:17  Zergling x2  
  84  5:18  Baneling Nest, Zergling x8  
  88  6:00  Overlord  
  88  6:02  Drone x12  
  88  6:03  Spire  
  97  6:09  Spire  
  96  6:16  Zergling x6  
  92  6:21  Hatchery  
  92  6:22  Hatchery  
  92  6:24  Roach Warren  
  89  6:28  Zergling x6, Evolution Chamber  
  89  6:30  Evolution Chamber  
  87  6:40  Zergling x2  
  87  6:41  Zergling x20  
  87  6:42  Baneling x8  
  98  6:47  Zergling x2  
  98  6:48  Zergling x2  
  98  6:53  Overlord  
  81  7:08  Zergling x2  
  81  7:09  Zergling x12  
  81  7:11  Zergling x2  
  81  7:12  Zergling x2  
  81  7:13  Baneling x7  
  81  7:14  Zergling x4  
  81  7:15  Zergling x2  
  91  7:18  Roach  
  91  7:19  Roach x2  
  91  7:20  Glial Reconstitution  
  91  7:21  Zerg Missile Weapons Level 1, Centrifical Hooks, Zerg Ground Armor Level 1  
  97  7:23  Roach  
  97  7:25  Roach x2  
  103  7:30  Corruptor  
  103  7:35  Corruptor x2  
  109  7:38  Corruptor  
  111  7:46  Infestation Pit, Corruptor  
  111  7:47  Corruptor, Roach x2  
  111  7:50  Baneling x2  
  118  7:51  Zergling x2  
  118  7:54  Overlord x4  
  118  7:55  Hatchery  
  118  8:01  Overseer  
  118  8:02  Overseer  
  118  8:09  Drone  
  119  8:14  Roach x9  
  137  8:24  Roach x6  
  134  8:30  Roach x5  
  134  8:32  Ravager  
  134  8:33  Ravager  
  146  8:37  Roach x2  
  146  8:40  Roach  
  151  8:44  Overlord  
  151  8:45  Overlord x3  
  151  8:51  Overlord x2  
  151  9:03  Zergling x2  
  151  9:04  Zergling x16, Roach  
  162  9:14  Zergling x2  
  162  9:15  Zergling x14  
  170  9:18  Ravager x4  
  170  9:19  Ravager  
Show
View Real Time Build Order
Export as new Build Order

Miszu Terran - Winner!

Build Orders: MMM Bio 

Get SALT Encoding   

  12  0:00  SCV  
  13  0:12  SCV  
  14  0:18  Supply Depot  
  14  0:25  SCV  
  15  0:39  SCV  
  15  0:41  Barracks  
  16  0:44  Refinery  
  16  0:51  SCV  
  17  1:03  SCV  
  18  1:16  SCV  
  19  1:28  Orbital Command  
  19  1:33  Barracks Reactor  
  19  1:39  Command Center  
  19  1:49  Supply Depot  
  19  1:53  SCV  
  20  2:08  SCV  
  21  2:10  Reaper x2  
  23  2:20  SCV  
  24  2:24  Command Center  
  24  2:32  SCV  
  25  2:44  SCV  
  25  2:48  Reaper x2  
  25  2:50  Orbital Command  
  28  2:56  SCV  
  29  2:58  Barracks  
  29  3:00  Barracks  
  29  3:08  SCV  
  29  3:10  Refinery  
  30  3:20  SCV  
  30  3:21  SCV  
  32  3:29  Reaper x2  
  32  3:32  SCV  
  32  3:33  SCV  
  36  3:37  Orbital Command  
  36  3:44  SCV  
  36  3:45  SCV  
  36  3:46  Barracks Tech Lab  
  36  3:47  Barracks Tech Lab  
  38  3:56  SCV  
  38  3:57  SCV  
  38  3:59  Factory  
  38  4:02  Refinery x2  
  40  4:04  Marine x2  
  40  4:06  Marine x2  
  40  4:08  SCV x2  
  40  4:09  SCV  
  47  4:13  Stimpack  
  47  4:20  Supply Depot, SCV  
  47  4:21  SCV  
  47  4:22  SCV  
  50  4:28  Marine x2  
  50  4:29  Marine  
  53  4:32  SCV  
  53  4:35  SCV  
  53  4:37  Marine  
  53  4:38  Combat Shields  
  57  4:43  Supply Depot, Orbital Command  
  57  4:45  Starport, SCV  
  57  4:46  Marine, Factory Reactor  
  57  4:48  SCV  
  57  4:50  Supply Depot  
  59  4:57  SCV  
  60  5:00  SCV  
  60  5:03  Marine  
  60  5:04  Marine x3  
  65  5:09  Engineering Bay x2, SCV x2  
  65  5:12  SCV  
  68  5:21  Marine, SCV x2  
  69  5:22  Marine x2  
  69  5:23  Barracks  
  69  5:24  SCV  
  69  5:25  Barracks  
  74  5:28  Marine  
  74  5:31  Factory Tech Lab  
  74  5:32  Supply Depot  
  74  5:33  SCV x2  
  74  5:34  Supply Depot  
  77  5:36  SCV  
  76  5:44  Marine x3  
  76  5:45  SCV x2  
  76  5:46  Marine  
  76  5:48  Medivac  
  76  5:49  Medivac  
  85  6:01  Marine, SCV  
  85  6:02  Marine x2  
  85  6:03  Siege Tank  
  89  6:04  Marine  
  89  6:05  SCV  
  89  6:06  Terran Infantry Weapons Level 1, Terran Infantry Armor Level 1  
  89  6:08  SCV  
  92  6:14  SCV  
  92  6:16  Supply Depot  
  93  6:18  Supply Depot  
  93  6:19  Barracks Reactor, Supply Depot, Marine, Barracks Tech Lab  
  93  6:20  Marine  
  93  6:22  Marine  
  93  6:23  Marine  
  93  6:24  SCV x2  
  99  6:26  SCV  
  99  6:30  Concussive Shells  
  100  6:36  Refinery, SCV  
  100  6:37  Refinery, Marine  
  100  6:38  SCV x2  
  104  6:40  Marauder, Armory  
  104  6:41  Marauder x2  
  104  6:44  Supply Depot  
  104  6:46  Supply Depot  
  110  6:48  Supply Depot, Marine  
  110  6:49  SCV  
  110  6:50  SCV x2  
  113  7:05  Marine, Marauder  
  113  7:08  Marine x2, Marauder  
  107  7:11  Marine, Marauder  
  107  7:13  Medivac x2, Siege Tank  
  118  7:23  Marine  
  118  7:26  Marine x3, Barracks  
  118  7:27  Barracks  
  118  7:28  Barracks  
  118  7:29  Marine, Marauder  
  125  7:30  Terran Vehicle Weapons Level 1  
  125  7:32  Marine  
  125  7:35  Missile Turret x2  
  126  7:37  Missile Turret  
  126  7:41  Supply Depot  
  126  7:42  Supply Depot  
  126  7:43  Supply Depot, Medivac x2  
  130  7:48  Marauder  
  130  7:50  Thor  
  138  8:02  Marine x2, Marauder  
  138  8:03  Marine x2  
  138  8:05  Supply Depot  
  145  8:06  Supply Depot  
  145  8:07  Supply Depot  
  144  8:12  Medivac  
  144  8:13  Medivac  
  144  8:16  Marine  
  144  8:17  Marine x3, Marauder  
  154  8:20  Marine x4  
  154  8:25  Marauder  
  155  8:34  Marine x4  
  155  8:37  Marine  
  155  8:38  Marine x4  
  155  8:40  Supply Depot  
  162  8:46  Marauder  
  164  8:52  Marine x3, Medivac  
  164  8:53  Marauder  
  169  8:55  Marine  
  169  8:56  Marine x3, Marauder  
  175  9:08  Marauder  
  175  9:09  Marine  
  177  9:10  Marine  
  177  9:14  Marauder  
  177  9:15  Marine x5  
  186  9:17  Marauder  
  188  9:27  Marine  
  188  9:28  Marine  
Tags
 
Composition
MMM Bio
Matchup
TvZ
Add a new tag
Caveats
  • Supply blocks, unpowered buildings, or Contaminate may cause inaccurate times.
  • Supply counts are checked every 10 seconds.